 Dungeon Crawl Stone Soup version 0.28.0-53-g5a82cb258f (webtiles) character file.

Game seed: 3968799163006208692

531 MarkCalloway the Slasher (level 7, 0/52 HPs)
             Began as a Demonspawn Gladiator on July 6, 2022.
             Was an Initiate of Yredelemnul.
             Slain by a scorpion (1 damage)
             ... on level 5 of the Dungeon.
             The game lasted 00:25:37 (4463 turns).

MarkCalloway the Slasher (Demonspawn Gladiator)     Turns: 4463, Time: 00:25:41

Health: 0/52       AC:  4    Str: 14    XL:     7   Next: 3%
Magic:  0/9        EV: 13    Int: 12    God:    Yredelemnul [......]
Gold:   291        SH:  0    Dex: 20    Spells: 4/9 levels left

rFire   . . .      SeeInvis .   g - +0 war axe
rCold   . . .      Faith    .   (no shield)
rNeg    . . .      Spirit   +   b - +0 leather armour
rPois   .          Reflect  .   (helmet restricted)
rElec   .          Harm     .   (no cloak)
rCorr   .          Rampage  .   (no gloves)
Will    .....                   (no boots)
Stlth   +.........              l - amulet of guardian spirit
HPRegen 0.17/turn               n - +6 ring of dexterity
MPRegen 0.11/turn               (no ring)

@: confused, lethally poisoned (0 -> -5)
A: horns 1, rugged brown scales 1, foul stench 1, powered by pain 1
a: Renounce Religion, Recall Undead Harvest


You were on level 5 of the Dungeon.
You worshipped Yredelemnul.
Yredelemnul was noncommittal.
You visited 1 branch of the dungeon, and saw 5 of its levels.

You collected 291 gold pieces.

Inventory:

Hand Weapons
 g - a +0 war axe (weapon)
Missiles
 d - a throwing net (quivered)
 e - 5 atropa-tipped darts
 j - 15 sling bullets
 k - 15 bolts
 m - a boomerang
Armour
 b - a +0 leather armour (worn)
 c - a +0 helmet
Jewellery
 l - an amulet of guardian spirit (around neck)
 n - a +6 ring of dexterity (left hand)
Scrolls
 i - a scroll of immolation
 o - a scroll of vulnerability
 p - a scroll of fog
 q - a scroll of magic mapping
Potions
 a - a potion of resistance {unknown}
 f - 3 potions of flight
 h - a potion of invisibility {unknown}


   Skills:
 * Level 2.7 Fighting
 * Level 3.7 Long Blades
 * Level 2.2 Axes
 * Level 2.4 Throwing
 * Level 2.2 Armour
 * Level 3.5 Dodging
 * Level 1.8 Stealth
 * Level 1.5 Spellcasting
 * Level 1.3 Translocations
 * Level 2.0 Invocations


You had 4 spell levels left.
You knew the following spells:

 Your Spells              Type           Power      Damage    Failure   Level
a - Blink                 Tloc           8%         N/A       30%         2
b - Lesser Beckoning      Tloc           4%         N/A       52%         3

Your spell library contained the following spells:

 Spells                   Type           Power      Damage    Failure   Level
 Summon Guardian Golem    Hex/Summ       0%         N/A       71%         3
 Animate Armour           Summ/Erth      0%         N/A       98%         4
 Manifold Assault         Tloc           4%         N/A       99%         5
 Blade Hands              Tmut           0%         N/A       100%        5
 Irradiate                Conj/Tmut      0%         3d14      100%        5
 Iron Shot                Conj/Erth      0%         9d1       100%        6
 Dragon Form              Tmut           0%         N/A       100%        7
 Orb of Destruction       Conj           0%         9d5       100%        7
 Spellforged Servitor     Conj/Summ      0%         N/A       100%        7


Dungeon Overview and Level Annotations

Branches:
Dungeon (5/15)             Temple (0/1) D:5

Altars:
Elyvilon
Gozag
Hepliaklqana
Kikubaaqudgha
Sif Muna
Yredelemnul
Zin
The Shining One


Innate Abilities, Weirdness & Mutations

You have a pair of small horns on your head.
You are partially covered in rugged brown scales. (AC +1, +3% HP)
You may rarely emit foul miasma when damaged in melee.
You sometimes gain a little power by taking damage.


Message History

You are lethally poisoned!
The scorpion poisons you! The scorpion barely misses you.
The orc barely misses you.
You hit the scorpion. Your headbutt misses the scorpion.
The scorpion is moderately wounded.
You hit the orc.
You feel less confused.
* * * LOW HITPOINT WARNING * * *
You feel very sick. The orc hits you with a +0 dagger.
* * * LOW HITPOINT WARNING * * *
The scorpion closely misses you. The orc barely misses you.
The scorpion closely misses you.
You completely miss the orc.
The orc is severely wounded.
You barely miss the scorpion.
* * * LOW HITPOINT WARNING * * *
You feel very sick.
The orc zaps a wand.
Your will is overpowered!
You are confused.
Your spectral shadow imp closely misses the orc.
The scorpion stings you but does no damage.
The orc zaps a wand.
Your will is overpowered!
You are more confused.
The now-empty wand crumbles to dust.
Your spectral shadow imp hits the orc.
The orc dies!
A black mist starts to gather...
Unknown command.
Are you sure you want to stumble around while confused and next to your orc zombie? [Y]es or [N]o only, please.
Are you sure you want to stumble around while confused and next to your orc zombie? [Y]es or [N]o only, please.
Are you sure you want to stumble around while confused and next to your orc zombie?
You're too confused to move!
* * * LOW HITPOINT WARNING * * *
You feel sick.
The scorpion stings you but does no damage.
The scorpion stings you!
You die...
Your body rises from the dead as a mindless zombie.

.........##..###*##.#,,*,#...#,#.
############..)##...#,,*,+...'Z#.
#...........',,+*##+###o.
#.......<...#,,*,,,....#.
#..........##,,*,,,,,..#,
#..........#***'**#'###'#
#####.####### *,##.......
###.......###.?..######
#.....@)......#**#.....
##.#..Zs.Z..###* #...Z.
##..#.......########.....
##..##........Z...........
##.)###.......#############
#...............,,,,,,,,,,,
#######.......##***********
#.......# #.>.....#


You could see a scorpion (ally target), a friendly spectral shadow imp, a
friendly black bear zombie and a friendly orc zombie.

Vanquished Creatures
  A black bear (D:5)
  A necrophage (D:4)
  2 orc priests (D:4)
  A hound (D:5)
  A centaur skeleton (D:5)
  An iguana (D:5)
  3 orc wizards (D:4)
  A hound skeleton (D:4)
  A gnoll (D:5)
  An adder (D:3)
  A shadow imp (D:5)
  2 worms
  3 dart slugs
  11 orcs
  9 endoplasms
  A giant cockroach (D:4)
  9 goblins
  5 hobgoblins
  A quokka (D:4)
  3 ball pythons
  5 bats
  6 frilled lizards
  8 kobolds
  2 rats (D:1)
79 creatures vanquished.

Vanquished Creatures (collateral kills)
  An orc (D:5)
  An orc zombie (D:4)
2 creatures vanquished.

Vanquished Creatures (others)
  2 goblin zombies (D:4)
  2 orc zombies (D:4)
4 creatures vanquished.

Grand Total: 85 creatures vanquished

Notes
Turn   | Place    | Note
-------+----------+-------------------------------------------
     0 | D:1      | MarkCalloway the Demonspawn Gladiator began the quest for
                  | the Orb.
     0 | D:1      | Reached XP level 1. HP: 16/16 MP: 1/1
   334 | D:1      | Gained mutation: You may rarely emit foul miasma when
                  | damaged in melee. [demonic ancestry]
   334 | D:1      | Reached XP level 2. HP: 22/22 MP: 2/2
  1078 | D:2      | Gained mutation: You sometimes gain a little power by
                  | taking damage. [demonic ancestry]
  1078 | D:2      | Reached XP level 3. HP: 24/27 MP: 3/3
  1143 | D:2      | Learned a level 2 spell: Blink
  1629 | D:3      | Found a basalt altar of Yredelemnul.
  1638 | D:3      | Found a hazy altar of Hepliaklqana.
  1647 | D:3      | Found a shimmering blue altar of Sif Muna.
  1657 | D:3      | Became a worshipper of Yredelemnul the Dark
  1833 | D:3      | Found an opulent altar of Gozag.
  2099 | D:3      | Noticed a great orb of eyes
  2102 | D:3      | Found a faded altar of an unknown god.
  2106 | D:3      | Noticed a great orb of eyes
  2106 | D:3      | Noticed a shining eye
  2106 | D:3      | Noticed a shining eye
  2233 | D:3      | Reached * piety under Yredelemnul
  2234 | D:3      | Gained mutation: You have a pair of small horns on your
                  | head. [demonic ancestry]
  2234 | D:3      | Reached XP level 4. HP: 33/33 MP: 2/5
  2456 | D:4      | Reached skill level 1 in Armour
  2456 | D:4      | Reached skill level 1 in Stealth
  2665 | D:4      | Reached skill level 1 in Spellcasting
  2665 | D:4      | Reached XP level 5. HP: 18/38 MP: 6/6
  2689 | D:4      | Reached skill level 1 in Invocations
  2973 | D:4      | Reached skill level 1 in Translocations
  3186 | D:4      | Learned a level 3 spell: Lesser Beckoning
  3248 | D:4      | Noticed a necrophage
  3263 | D:4      | Killed a necrophage
  3264 | D:4      | Reached skill level 1 in Axes
  3264 | D:4      | Gained mutation: You are partially covered in rugged brown
                  | scales. (AC +1, +3% HP) [demonic ancestry]
  3264 | D:4      | Reached XP level 6. HP: 35/47 MP: 7/7
  4115 | D:5      | Entered Level 5 of the Dungeon
  4127 | D:5      | HP: 1/47 [shadow imp (2)]
  4204 | D:5      | Found a staircase to the Ecumenical Temple.
  4288 | D:5      | Found an ancient bone altar of Kikubaaqudgha.
  4403 | D:5      | Reached XP level 7. HP: 15/52 MP: 6/9
  4463 | D:5      | HP: 1/52 [poisoned by a scorpion]
  4463 | D:5      | Slain by a scorpion

Illustrated notes

Levels and vault maps discovered:
D:1:      dpeg_arrival_simpleton_a, layout_basic
D:2:      layout_rooms
D:3:      layout_rooms, good_gods_mini_temple, grunt_temple_overflow_diamond,
          grunt_gozag_breadcrumbs, nicolae_overflow_hidden_temple,
          hellmonk_ecumenical_altar_watching_god, minmay_hedge_maze,
          kennysheep_generic_room_4
D:4:      layout_basic, minmay_misc_feat_iff, st_stairs_4
D:5:      layout_rooms, mainiacjoe_overflow_24_doors, trog_butcher_becter,
          minmay_temple_entry_offerings, gup_sewer_entry_spiral

Skill      XL: |  1  2  3  4  5  6 |
---------------+-------------------+-----
Long Blades    | 3 |  3.7
Dodging        | 3 |  3.5
Throwing       | 2 |  2.4
Armour         | 1 2 |  2.2
Stealth        | 1 |  1.8
Spellcasting   | 1 |  1.5
Invocations    | 1 2 |  2.0
Translocations | 1 |  1.3
Axes           | 1 2 |  2.2
Fighting       | |  2.7

Action                   |  1- 3 |  4- 6 |  7- 9 || total
-------------------------+-------+-------+-------++-------
Melee: Long sword        |   115 |       |       ||   115
       Punch             |     1 |       |       ||     1
       War axe           |     2 |   100 |     3 ||   105
       Headbutt          |       |    20 |       ||    20
Throw: Dart              |     8 |       |       ||     8
       Boomerang         |     3 |     7 |       ||    10
       Throwing net      |     1 |     4 |       ||     5
Invok: Recall Undead Har |     1 |     3 |       ||     4
  Use: Scroll            |     3 |     6 |       ||     9
       Potion            |       |     5 |       ||     5
 Stab: Sleeping          |     5 |     2 |       ||     7
       Invisible         |     1 |       |       ||     1
       Held in net/web   |       |     2 |       ||     2
Armor: Leather armour    |    33 |    17 |     2 ||    52
Dodge: Dodged            |    78 |    61 |     6 ||   145
